 Dungeon Sprint DCSS version 0.26-a0-6-g448add79b7 (webtiles) character file.

Game seed: 9138186742490598925, levelgen mode: deterministic

1195 1994 the Summoner (level 8, -5/65 HPs)
             Began as a Mummy Summoner on May 24, 2020.
             Was an Initiate of Gozag.
             Slain by a demonic crawler (10 damage)
             ... in the Dungeon (Sprint I: "Red Sonja").
             The game lasted 00:11:38 (3360 turns).

1994 the Summoner (Mummy Summoner)                  Turns: 3360, Time: 00:11:39

Health: -5/65      AC:  2    Str: 12    XL:     8   Next: 20%
Magic:  16/20      EV: 13    Int: 16    God:    Gozag
Gold:   980        SH:  0    Dex: 12    Spells: 10/24 levels left

rFire    x . .     SeeInvis .   a - +0 rapier
rCold    + + .     Gourm    .   (no shield)
rNeg     + + +     Faith    .   k - +0 robe
rPois    ∞         Spirit   .   (no helmet)
rElec    .         Reflect  .   (no cloak)
rCorr    .         Harm     .   (no gloves)
MR       +....     NoTele   +   (no boots)
Stlth    ++........             (no amulet)
HPRegen  0.20/turn              g - ring of protection from cold
MPRegen  0.17/turn              (no ring)

@: no status effects
A: no food or potions, fire vulnerability, cold resistance 1, negative energy
resistance 3, torment resistance, unbreathing
a: Potion Petition, Call Merchant, Bribe Branch, Renounce Religion


You were in the Dungeon.
You worshipped Gozag.
Gozag was pleased with you.
You were not hungry.

You visited 1 branch You collected 980 gold pieces.

Inventory:

Hand Weapons
 a - a +0 rapier (weapon)
Missiles
 e - 22 stones (quivered)
 f - 5 curare-tipped darts
Armour
 d - a +0 ring mail
 k - a +0 robe (worn)
Jewellery
 g - a ring of protection from cold (left hand)
Wands
 b - a wand of random effects (18)
Scrolls
 c - a scroll of blinking
 h - a scroll of amnesia {unknown}
 i - 2 scrolls of identify {unknown}
 j - a scroll of random uselessness {unknown}


   Skills:
 + Level 6.6 Fighting
 - Level 3.0 Dodging
 - Level 1.5 Stealth
 + Level 8.5 Spellcasting
 + Level 9.5 Summonings
 * Level 5.1 Ice Magic
 - Level 7.4 Air Magic


You had 10 spell levels left.
You knew the following spells:

 Your Spells              Type           Power        Failure   Level  Hunger
a - Summon Small Mammal   Summ           ####         1%          1    N/A
b - Call Imp              Summ           #####...     1%          2    N/A
c - Call Canine Familiar  Summ           #####...     1%          3    N/A
d - Summon Lightning Spi  Summ/Air       ####....     3%          4    N/A
e - Summon Ice Beast      Ice/Summ       ####....     5%          4    N/A

Your spell library contained the following spells:

 Spells                   Type           Power        Failure   Level  Hunger
 Summon Guardian Golem    Hex/Summ       ###.....     4%          3    N/A

Dungeon Overview and Level Annotations

Branches:
Dungeon (1/1)

Altars:
Cheibriados
Dithmenos
Elyvilon
Fedhas
Gozag
Hepliaklqana
Kikubaaqudgha
Makhleb
Nemelex Xobeh
Okawaru
Qazlal
Ru
Sif Muna
Trog
Uskayaw
Vehumet
Wu Jian
Xom
Yredelemnul
Zin
The Shining One
Jiyva
Lugonu

Shops:
D :[[


Innate Abilities, Weirdness & Mutations

You do not eat or drink.
Your flesh is vulnerable to fire.
You are immune to poison.
Your flesh is cold resistant. (rC+)
You are immune to negative energy. (rN+++)
You are immune to unholy pain and torment.
You can survive without breathing.


Message History

The demonic crawler resists.
The bolt of electricity hits the demonic crawler.
The demonic crawler resists.
Casting: Summon Lightning Spire (dangerous; 3% risk of failure)
Confirm with . or Enter, or press ? or * to list all spells.
Okay, then.
Unknown command.
Unknown command.
Evoke which item? (* to show all) (? for menu, Esc to quit)
Aiming: Random Effects
Press: ? - help, Shift-Dir - straight line, f - demonic crawler
Aim: a demonic crawler The puff of frost hits the demonic crawler but does no damage.
The demonic crawler hits you!
* * * LOW HITPOINT WARNING * * *
The demonic crawler hits you.
* * * LOW HITPOINT WARNING * * *
The demonic crawler hits you!
You die...
Your body crumbles into a pile of gold.

###################
..#..'..#__#.)'...# $
$$ ..').#..'..').#.@s#
$
#'#####'#__####.8sss.#$
..#...#.#### #####..+$
$ ###..##!#≈§§ $$ +## $
__##'#_.+§§§ $
...'..._# $$ $$$
__##_.#'##+###
__###'#!#....### $
#####.####'###.## $


You could see 4 demonic crawlers and a friendly lightning spire (summoned).

Vanquished Creatures (collateral kills)
  Sonja (D)
  A deep troll (D)
  2 kobold demonologists (D)
  A slime creature (D)
  Sigmund (D)
  A yak (D)
  A floating eye (D)
  An ogre (D)
  A nameless horror (D)
  A jelly (D)
  Ijyb (D)
12 creatures vanquished.

Vanquished Creatures (others)
  A gargoyle (D)
  2 ballistomycete spores (D)
3 creatures vanquished.

Grand Total: 15 creatures vanquished

Notes
Turn   | Place    | Note
-------+----------+-------------------------------------------
     0 | D        | 1994 the Mummy Summoner began the quest for the Orb.
     0 | D        | Reached XP level 1. HP: 13/13 MP: 4/4
     1 | D        | Noticed Ijyb
    20 | D        | Killed Ijyb
    20 | D        | Reached skill level 1 in Fighting
    20 | D        | Reached skill level 4 in Summonings
    20 | D        | Reached XP level 2. HP: 9/22 MP: 0/6
    24 | D        | Learned a level 2 spell: Call Imp
  1125 | D        | Killed a gargoyle
  1193 | D        | Noticed an ogre
  1215 | D        | Killed an ogre
  1215 | D        | Reached skill level 5 in Spellcasting
  1215 | D        | Reached skill level 5 in Summonings
  1215 | D        | Reached XP level 3. HP: 9/29 MP: 0/9
  1220 | D        | Learned a level 3 spell: Call Canine Familiar
  1434 | D        | Noticed Sigmund
  1447 | D        | Killed Sigmund
  1447 | D        | Reached skill level 6 in Summonings
  1447 | D        | Reached XP level 4. HP: 38/38 MP: 6/12
  1514 | D        | Found an ornate altar of the Wu Jian Council.
  1514 | D        | Found a shimmering blue altar of Sif Muna.
  1515 | D        | Found a burning altar of Makhleb.
  1515 | D        | Found a viscous altar of Jiyva.
  1515 | D        | Found a shimmering altar of Xom.
  1515 | D        | Found a corrupted altar of Lugonu.
  1515 | D        | Noticed a slime creature
  1518 | D        | Found a radiant altar of Vehumet.
  1530 | D        | Reached XP level 5. HP: 43/43 MP: 8/14
  1600 | D        | Learned a level 4 spell: Summon Lightning Spire
  1638 | D        | Found Axetiynu's Armour Emporium.
  1638 | D        | Found an ancient bone altar of Kikubaaqudgha.
  1638 | D        | Found a stormy altar of Qazlal.
  1638 | D        | Found a blossoming altar of Fedhas.
  1638 | D        | Found a bloodstained altar of Trog.
  1638 | D        | Found an iron altar of Okawaru.
  1638 | D        | Found a glowing golden altar of the Shining One.
  1638 | D        | Found a glowing silver altar of Zin.
  1638 | D        | Found a white marble altar of Elyvilon.
  1638 | D        | Noticed a yak
  1642 | D        | Found a hazy altar of Hepliaklqana.
  1642 | D        | Found a hide-covered altar of Uskayaw.
  1642 | D        | Found a sacrificial altar of Ru.
  1647 | D        | Killed a yak
  1647 | D        | Reached skill level 7 in Summonings
  1650 | D        | Found a basalt altar of Yredelemnul.
  1650 | D        | Found a snail-covered altar of Cheibriados.
  1650 | D        | Found a shadowy altar of Dithmenos.
  1651 | D        | Found an opulent altar of Gozag.
  1674 | D        | Found a sparkling altar of Nemelex Xobeh.
  1706 | D        | Noticed a nameless horror
  2305 | D        | Killed a nameless horror
  2432 | D        | Noticed Sonja
  2452 | D        | Killed Sonja
  2452 | D        | Reached skill level 8 in Summonings
  2452 | D        | Reached XP level 6. HP: 26/50 MP: 9/15
  2616 | D        | Found Guuhamit's Book Boutique.
  2637 | D        | Noticed a deep troll
  2779 | D        | Learned a level 4 spell: Summon Ice Beast
  2788 | D        | Killed a deep troll
  2788 | D        | Reached skill level 5 in Fighting
  2788 | D        | Reached skill level 9 in Summonings
  2788 | D        | Reached XP level 7. HP: 40/57 MP: 10/18
  2901 | D        | Found Veelen's Armour Emporium.
  2954 | D        | Killed a slime creature
  3098 | D        | Became a worshipper of Gozag Ym Sagoz the Greedy
  3138 | D        | Noticed a kobold demonologist
  3138 | D        | Noticed a kobold demonologist
  3139 | D        | Paralysed by a floating eye for 4 turns
  3142 | D        | Noticed a hellwing
  3143 | D        | Noticed an ice devil
  3144 | D        | Noticed a red devil
  3148 | D        | HP: 1/58 [hellwing[a kobold demonologist] (8)]
  3149 | D        | Paralysed by a floating eye for 4 turns
  3150 | D        | Killed a kobold demonologist
  3150 | D        | Reached XP level 8. HP: 24/64 MP: 20/20
  3151 | D        | Killed a kobold demonologist
  3151 | D        | Reached skill level 5 in Ice Magic
  3356 | D        | Noticed a demonic crawler
  3356 | D        | Noticed a demonic crawler
  3356 | D        | Noticed a demonic crawler
  3356 | D        | Noticed a demonic crawler
  3360 | D        | Slain by a demonic crawler

Illustrated notes

Levels and vault maps discovered:
D:        dungeon_sprint_1 [red_sonja_temple_1, red_sonja_temple_small_1]

Skill      XL: |  1  2  3  4  5  6  7  8 |
---------------+-------------------------+-----
Fighting       | 1 3 4 5 6 |  6.6
Spellcasting   | 3 5 6 7 8 |  8.5
Summonings     | 4 5 6 8 9 |  9.5
Air Magic      | 7 |  7.4
Dodging        | 3 |  3.0
Ice Magic      | 3 4 5 |  5.1
Stealth        | |  1.5

Action                   |  1- 3 |  4- 6 |  7- 9 || total
-------------------------+-------+-------+-------++-------
Melee: Unarmed           |    10 |     6 |       ||    16
       Rapier            |       |       |    10 ||    10
 Cast: Summon Small Mamm |     4 |       |       ||     4
       Call Imp          |    27 |       |       ||    27
       Call Canine Famil |     1 |     4 |       ||     5
       Summon Lightning  |       |    10 |     3 ||    13
Invok: Potion Petition   |       |       |     1 ||     1
Evoke: Wand              |       |       |     1 ||     1
Armor: Robe              |       |       |     2 ||     2
Dodge: Dodged            |     7 |     9 |    19 ||    35

Table legend:
 A = Non-vault XP
 B = Vault XP
 C = Vault XP percentage of total XP
 D = Non-vault monster count
 E = Vault monster count
 F = Vault count percentage of total count
                 A         B        C        D         E       F
            +---------+---------+-------+---------+---------+-------
      Total |       0 |    1708 | 100.0 |       0 |      11 | 100.0
            +---------+---------+-------+---------+---------+-------
          D |       0 |    1708 | 100.0 |       0 |      11 | 100.0
            +---------+---------+-------+---------+---------+-------
